[Event "European School Girls U9 Championship 2024"]
[Site "Limerick IRL"]
[Date "2024.05.31"]
[Round "1.3"]
[White "Constantin-Ciuntu, Anne-Sophie"]
[Black "Grigore, Melania-Cristina"]
[Result "1-0"]
[WhiteElo "1589"]
[BlackElo "1438"]
[WhiteNationality "ROU"]
[BlackNationality "ROU"]
[WhiteFideId "42210054"]
[BlackFideId "42208432"]
[PlyCount "78"]
[ECO "A34"]
[Opening "English"]
[Variation "symmetrical variation"]
[FIDETournamentId "372868"]
[ChessResultsKey "950043"]
[Venue "Main Building, University of Limerick"]
[EventDate "2024.05.31"]
[EventRounds "9"]
[TimeControl "5400+30"]

{ Event information: <a
href="https://www.irlchess.com/europeanschool2024g9_allfiles/pairings_europeanschool2024g9.html">Tournament
report</a>. }

1. c4 c5 2. Nc3 d6 3. g3 Nf6 4. Bg2 g6 5. Nf3 Bg7 6. d3 O-O 7. O-O Nc6 8.
e3 e6 9. a3 a6 10. Rb1 Qc7 11. b4 cxb4 12. axb4 Nd7 13. Bd2 Bxc3 14. Bxc3
Rb8 15. Nd4 Nxd4 16. exd4 b5 17. c5 dxc5 18. dxc5 Bb7 19. Ra1 Bxg2 20. Kxg2
Qc6+ 21. Qf3 Qxf3+ 22. Kxf3 Ra8 23. Ra5 Nb8 24. Rfa1 Rd8 25. Ke3 Rd5 26.
Rxb5 Rd7 27. Rb6 Rda7 28. c6 Kf8 29. Be5 Nxc6 30. Rxc6 Ke7 31. Rc7+ Rxc7
32. Bxc7 Kd7 33. Bf4 Kc6 34. Ra5 Kb6 35. Ke4 Rd8 36. Rc5 Ra8 37. Ke5 Ra7
38. Kf6 Rb7 39. Be3 Rd7 1-0

[Event "European School Girls U9 Championship 2024"]
[Site "Limerick IRL"]
[Date "2024.05.31"]
[Round "1.4"]
[White "Gutserieva, Bierta"]
[Black "Keser, Irmak"]
[Result "0-1"]
[WhiteElo "1429"]
[BlackElo "1636"]
[WhiteNationality "UKR"]
[BlackNationality "TUR"]
[WhiteFideId "34174818"]
[BlackFideId "51642840"]
[PlyCount "94"]
[ECO "D02"]
[Opening "Queen's bishop game"]
[FIDETournamentId "372868"]
[ChessResultsKey "950043"]
[Venue "Main Building, University of Limerick"]
[EventDate "2024.05.31"]
[EventRounds "9"]
[TimeControl "5400+30"]

{ Event information: <a
href="https://www.irlchess.com/europeanschool2024g9_allfiles/pairings_europeanschool2024g9.html">Tournament
report</a>. }

1. d4 d5 2. Bf4 Nf6 3. Nf3 Bf5 4. e3 e6 5. c4 Bxb1 6. Rxb1 Bb4+ 7. Nd2 Ne4
8. Qa4+ Nc6 9. f3 Nxd2 10. Rc1 Nb3+ 11. Rc3 Bxc3+ 12. bxc3 Na5 13. cxd5
exd5 14. Bb5 O-O 15. O-O a6 16. Bd3 b5 17. Qc2 g6 18. e4 b4 19. exd5 Qxd5
20. Be4 Qc4 21. Bh6 Rfe8 22. f4 Qxc3 23. Qe2 Qxd4+ 24. Kh1 Qxe4 25. Qb2 Qd4
26. Qb1 Nc4 27. Rd1 Qb2 28. Qd3 Rad8 29. Qf3 Qe2 30. Qxe2 Rxe2 31. Rf1 Rde8
32. Bg5 Nd2 33. Rg1 Re1 34. Bh4 Rxg1+ 35. Kxg1 Re1+ 36. Bxe1 Nc4 37. Kf2 a5
38. Ke2 a4 39. Kd3 Nb6 40. Kc2 Nd5 41. Kb2 Nxf4 42. g3 Nd3+ 43. Kc2 Nxe1+
44. Kb2 Nf3 45. h4 f5 46. a3 Nxh4 47. gxh4 f4 0-1

[Event "European School Girls U9 Championship 2024"]
[Site "Limerick IRL"]
[Date "2024.05.31"]
[Round "1.5"]
[White "Tolan, Eslem"]
[Black "Budumlu, Masal"]
[Result "1/2-1/2"]
[WhiteElo "1566"]
[BlackElo "1419"]
[WhiteNationality "TUR"]
[BlackNationality "TUR"]
[WhiteFideId "51681188"]
[BlackFideId "51678462"]
[PlyCount "126"]
[ECO "B23"]
[Opening "Sicilian"]
[Variation "Grand Prix attack"]
[FIDETournamentId "372868"]
[ChessResultsKey "950043"]
[Venue "Main Building, University of Limerick"]
[EventDate "2024.05.31"]
[EventRounds "9"]
[TimeControl "5400+30"]

{ Event information: <a
href="https://www.irlchess.com/europeanschool2024g9_allfiles/pairings_europeanschool2024g9.html">Tournament
report</a>. }

1. e4 c5 2. Nc3 Nc6 3. f4 g6 4. Nf3 Bg7 5. Bb5 Nd4 6. O-O Nxb5 7. Nxb5 a6
8. Nc3 e6 9. f5 b6 10. fxg6 hxg6 11. d3 d5 12. Qe1 d4 13. Ne2 Qc7 14. Ng3
b5 15. Bd2 Qe7 16. e5 Bh6 17. c3 Bxd2 18. Qxd2 dxc3 19. Qxc3 Bb7 20. Rac1
Rc8 21. Qe1 Nh6 22. Ne4 Bxe4 23. Qxe4 Qd7 24. h3 Nf5 25. Rfe1 Qd5 26. Qe2
Nd4 27. Nxd4 Qxd4+ 28. Kh1 Qd5 29. Kh2 Qd4 30. Rf1 Rh5 31. Rce1 Rd8 32. Rf3
Rd5 33. Re3 Qf4+ 34. Kh1 Qa4 35. b3 Qa5 36. Rc1 Qc7 37. Re1 Rd4 38. Qf3 Qc8
39. Re4 Rf5 40. Qg3 Qd8 41. Rxd4 Qxd4 42. Qe3 Qxe3 43. Rxe3 Kd7 44. Kg1 Kc6
45. g4 Rg5 46. Rf3 Rxe5 47. Rxf7 g5 48. Kf2 Kb6 49. Rh7 Ka5 50. Rh5 Rd5 51.
Ke3 Kb4 52. h4 gxh4 53. Rxd5 exd5 54. g5 h3 55. Kf3 c4 56. dxc4 d4 57. g6
d3 58. Ke3 h2 59. g7 h1=Q 60. g8=Q Qh3+ 61. Kd2 Qh6+ 62. Kxd3 Qh3+ 63. Ke4
Qh4+ 1/2-1/2

[Event "European School Girls U9 Championship 2024"]
[Site "Limerick IRL"]
[Date "2024.06.01"]
[Round "2.2"]
[White "Keser, Irmak"]
[Black "Tolan, Eslem"]
[Result "1-0"]
[WhiteElo "1636"]
[BlackElo "1566"]
[WhiteNationality "TUR"]
[BlackNationality "TUR"]
[WhiteFideId "51642840"]
[BlackFideId "51681188"]
[PlyCount "79"]
[ECO "D31"]
[Opening "QGD"]
[Variation "Charousek (Petrosian) variation"]
[FIDETournamentId "372868"]
[ChessResultsKey "950043"]
[Venue "Main Building, University of Limerick"]
[EventDate "2024.05.31"]
[EventRounds "9"]
[TimeControl "5400+30"]

{ Event information: <a
href="https://www.irlchess.com/europeanschool2024g9_allfiles/pairings_europeanschool2024g9.html">Tournament
report</a>. }

1. d4 d5 2. c4 e6 3. Nc3 Be7 4. cxd5 exd5 5. Bf4 c6 6. e3 Nf6 7. Qc2 Bd6 8.
Bxd6 Qxd6 9. Bd3 Be6 10. Nf3 Nbd7 11. O-O Bg4 12. Be2 O-O 13. a3 a5 14.
Rab1 b5 15. b4 axb4 16. axb4 Nb6 17. Ne5 Bxe2 18. Qxe2 Nfd7 19. Nd3 Nc4 20.
Rfc1 Rfe8 21. Ra1 Qc7 22. Nb2 Nxb2 23. Qxb2 Nb6 24. Nxb5 Qd7 25. Na3 Re6
26. b5 cxb5 27. Qxb5 Qd8 28. Rc6 Rxc6 29. Qxc6 Nc4 30. Nc2 Rxa1+ 31. Nxa1
Qb8 32. Nb3 Na5 33. Qxd5 Nxb3 34. h3 h6 35. e4 Qb6 36. Qa8+ Kh7 37. d5 Qf6
38. Qa2 Nd4 39. Qd2 Qe5 40. Qd3 1-0

[Event "European School Girls U9 Championship 2024"]
[Site "Limerick IRL"]
[Date "2024.06.01"]
[Round "2.3"]
[White "Grigore, Melania-Cristina"]
[Black "Gutserieva, Bierta"]
[Result "0-1"]
[WhiteElo "1438"]
[BlackElo "1429"]
[WhiteNationality "ROU"]
[BlackNationality "UKR"]
[WhiteFideId "42208432"]
[BlackFideId "34174818"]
[PlyCount "82"]
[ECO "B40"]
[Opening "Sicilian"]
[Variation "Pin variation (Sicilian counter-attack)"]
[FIDETournamentId "372868"]
[ChessResultsKey "950043"]
[Venue "Main Building, University of Limerick"]
[EventDate "2024.05.31"]
[EventRounds "9"]
[TimeControl "5400+30"]

{ Event information: <a
href="https://www.irlchess.com/europeanschool2024g9_allfiles/pairings_europeanschool2024g9.html">Tournament
report</a>. }

1. e4 c5 2. Nf3 e6 3. d4 cxd4 4. Nxd4 Nf6 5. Nc3 Bb4 6. Bd3 d5 7. e5 Nfd7
8. Nf3 Nc6 9. Bb5 Bxc3+ 10. bxc3 Qa5 11. Qd3 Qc7 12. Bf4 O-O 13. Bxc6 Qxc6
14. O-O Nc5 15. Qd4 Ne4 16. Bd2 Bd7 17. Rfe1 Rfc8 18. Re3 a5 19. Rb1 Rab8
20. Ne1 b5 21. Rh3 Qc7 22. f4 a4 23. g4 Qd8 24. Rb4 Rc7 25. Qd3 Rbc8 26.
Ng2 f6 27. a3 Rc4 28. Rxc4 Rxc4 29. Ne3 Rc7 30. Nd1 fxe5 31. fxe5 Be8 32.
Nf2 Bg6 33. Nxe4 Bxe4 34. Qxb5 Rf7 35. Qxa4 Qb6+ 36. Re3 Rf3 37. Qe8+ Rf8
38. Qa4 Qc7 39. Qd4 Qf7 40. Re1 Qf3 41. Rxe4 Qf1# 0-1

[Event "European School Girls U9 Championship 2024"]
[Site "Limerick IRL"]
[Date "2024.06.01"]
[Round "2.4"]
[White "Taradajko, Helena"]
[Black "Constantin-Ciuntu, Anne-Sophie"]
[Result "1/2-1/2"]
[WhiteElo "1622"]
[BlackElo "1589"]
[WhiteNationality "POL"]
[BlackNationality "ROU"]
[WhiteFideId "41848276"]
[BlackFideId "42210054"]
[PlyCount "196"]
[ECO "A80"]
[Opening "Dutch, 2.Bg5 variation"]
[FIDETournamentId "372868"]
[ChessResultsKey "950043"]
[Venue "Main Building, University of Limerick"]
[EventDate "2024.05.31"]
[EventRounds "9"]
[TimeControl "5400+30"]

{ Event information: <a
href="https://www.irlchess.com/europeanschool2024g9_allfiles/pairings_europeanschool2024g9.html">Tournament
report</a>. }

1. d4 f5 2. Bg5 h6 3. Bh4 Nf6 4. Bxf6 exf6 5. e3 g6 6. Nd2 b6 7. Qf3 Nc6 8.
Qg3 Rg8 9. Bc4 d5 10. Bb5 Bb7 11. a3 Qd6 12. Qxd6 Bxd6 13. Ne2 O-O-O 14.
Nc3 a6 15. Be2 Ne7 16. b4 f4 17. e4 dxe4 18. Ndxe4 f5 19. Nxd6+ Rxd6 20.
O-O Rxd4 21. f3 Rgd8 22. Bd3 b5 23. Rfe1 R4d7 24. Re6 Rg8 25. Rae1 Kd8 26.
a4 c6 27. a5 Rg7 28. Rf6 Bc8 29. Kf2 Rd4 30. Na2 Nd5 31. Rxc6 Nxb4 32. Nxb4
Rxb4 33. c4 bxc4 34. Bxc4 Rc7 35. Rd1+ Bd7 36. Rxc7 Kxc7 37. Bxa6 Bb5 38.
Bxb5 Rxb5 39. Ra1 Rb2+ 40. Kf1 Kb7 41. a6+ Ka7 42. Rd1 Rb6 43. Rd4 g5 44.
Rd5 Rf6 45. Rd4 Kxa6 46. h4 Kb5 47. Kf2 Kc5 48. Ra4 Kd5 49. g3 fxg3+ 50.
Kxg3 Ke6 51. f4 g4 52. Ra5 h5 53. Rb5 Kf7 54. Kf2 Kg6 55. Ke3 Re6+ 56. Kf2
Kf6 57. Rc5 Re4 58. Rc6+ Ke7 59. Rh6 Rxf4+ 60. Kg2 Kf7 61. Rxh5 Kg7 62. Kg3
Rf3+ 63. Kg2 Kg6 64. Rg5+ Kh6 65. Kg1 Rg3+ 66. Kf2 f4 67. Rf5 Rf3+ 68. Kg2
Rh3 69. Rxf4 Rxh4 70. Rf5 Kg6 71. Ra5 Rh3 72. Rb5 Rc3 73. Ra5 Rb3 74. Rc5
Kf6 75. Ra5 Rb8 76. Kg3 Rg8 77. Ra6+ Kg5 78. Ra4 Kh5 79. Ra5+ Rg5 80. Ra4
Rb5 81. Ra3 Kg5 82. Rc3 Rd5 83. Re3 Kf5 84. Ra3 Re5 85. Rb3 Kg5 86. Ra3 Rf5
87. Rb3 Rf8 88. Ra3 Rf5 89. Rb3 Rc5 90. Ra3 Rb5 91. Rc3 Ra5 92. Rb3 Ra4 93.
Rb5+ Kf6 94. Rc5 Rd4 95. Ra5 Rb4 96. Rc5 Rd4 97. Ra5 Rb4 98. Rc5 Rd4
1/2-1/2

[Event "European School Girls U9 Championship 2024"]
[Site "Limerick IRL"]
[Date "2024.06.02"]
[Round "3.2"]
[White "Constantin-Ciuntu, Anne-Sophie"]
[Black "Pavlova, Maria"]
[Result "1-0"]
[WhiteElo "1589"]
[BlackElo "1467"]
[WhiteNationality "ROU"]
[BlackNationality "BUL"]
[WhiteFideId "42210054"]
[BlackFideId "2950960"]
[PlyCount "61"]
[ECO "A45"]
[Opening "Queen's pawn game"]
[FIDETournamentId "372868"]
[ChessResultsKey "950043"]
[Venue "Main Building, University of Limerick"]
[EventDate "2024.05.31"]
[EventRounds "9"]
[TimeControl "5400+30"]

{ Event information: <a
href="https://www.irlchess.com/europeanschool2024g9_allfiles/pairings_europeanschool2024g9.html">Tournament
report</a>. }

1. d4 Nf6 2. Nc3 e6 3. e4 b6 4. f3 Nh5 5. Be3 Be7 6. Qd2 h6 7. Nge2 O-O 8.
O-O-O c5 9. d5 exd5 10. Qxd5 Bg5 11. f4 Nf6 12. Qxa8 Nc6 13. Qxc6 dxc6 14.
Rxd8 Rxd8 15. fxg5 hxg5 16. Bxg5 Be6 17. e5 Rd7 18. exf6 gxf6 19. Bxf6 Rd6
20. Be5 Rd7 21. h4 b5 22. Ne4 Rb7 23. Nxc5 Re7 24. Nxe6 fxe6 25. h5 Kh7 26.
g4 Re8 27. g5 Rg8 28. g6+ Kh6 29. Bh3 Re8 30. Bf4+ Kxh5 31. Bf5# 1-0

[Event "European School Girls U9 Championship 2024"]
[Site "Limerick IRL"]
[Date "2024.06.02"]
[Round "3.3"]
[White "Gutserieva, Bierta"]
[Black "Taradajko, Helena"]
[Result "0-1"]
[WhiteElo "1429"]
[BlackElo "1622"]
[WhiteNationality "UKR"]
[BlackNationality "POL"]
[WhiteFideId "34174818"]
[BlackFideId "41848276"]
[PlyCount "110"]
[ECO "A45"]
[Opening "Queen's pawn game"]
[FIDETournamentId "372868"]
[ChessResultsKey "950043"]
[Venue "Main Building, University of Limerick"]
[EventDate "2024.05.31"]
[EventRounds "9"]
[TimeControl "5400+30"]

{ Event information: <a
href="https://www.irlchess.com/europeanschool2024g9_allfiles/pairings_europeanschool2024g9.html">Tournament
report</a>. }

1. d4 Nf6 2. Nc3 d5 3. Bf4 g6 4. Qd2 Bg7 5. Bh6 O-O 6. h4 Nc6 7. Bxg7 Kxg7
8. e3 h5 9. O-O-O a5 10. f3 Bf5 11. g4 hxg4 12. fxg4 Bxg4 13. Be2 Bxe2 14.
Qxe2 Rh8 15. Nf3 Qd6 16. Rdg1 a4 17. Ne1 a3 18. b3 Qb4 19. Qd2 Rh6 20. Nd3
Qa5 21. Nf4 e6 22. Nd3 Rah8 23. Qe1 Ne4 24. b4 Nxb4 25. Nxe4 Nxd3+ 26. cxd3
Qxe1+ 27. Rxe1 dxe4 28. dxe4 Rxh4 29. Rxh4 Rxh4 30. e5 Rh2 31. Rd1 Rxa2 32.
Rd3 b5 33. Rb3 c6 34. Kb1 Rb2+ 35. Rxb2 axb2 36. Kxb2 g5 37. Kc3 g4 38. Kb4
g3 39. Kc5 g2 40. Kxc6 g1=Q 41. Kxb5 Qc1 42. Kb4 Kf8 43. Kb3 Ke7 44. Kb4
Kd7 45. e4 Kc6 46. Kb3 Kb6 47. Kb4 Qc2 48. d5 Qxe4+ 49. Kc3 Qxd5 50. Kc2
Qd4 51. Kb1 Qf2 52. Ka1 Kc5 53. Kb1 Kb4 54. Kc1 Kc3 55. Kb1 Qb2# 0-1

[Event "European School Girls U9 Championship 2024"]
[Site "Limerick IRL"]
[Date "2024.06.02"]
[Round "3.4"]
[White "Tolan, Eslem"]
[Black "Grigore, Melania-Cristina"]
[Result "1-0"]
[WhiteElo "1566"]
[BlackElo "1438"]
[WhiteNationality "TUR"]
[BlackNationality "ROU"]
[WhiteFideId "51681188"]
[BlackFideId "42208432"]
[PlyCount "41"]
[ECO "B23"]
[Opening "Sicilian"]
[Variation "closed"]
[FIDETournamentId "372868"]
[ChessResultsKey "950043"]
[Venue "Main Building, University of Limerick"]
[EventDate "2024.05.31"]
[EventRounds "9"]
[TimeControl "5400+30"]

{ Event information: <a
href="https://www.irlchess.com/europeanschool2024g9_allfiles/pairings_europeanschool2024g9.html">Tournament
report</a>. }

1. e4 c5 2. Nc3 d6 3. f4 g6 4. Nf3 Bg7 5. Bb5+ Bd7 6. Bxd7+ Qxd7 7. d3 Nc6
8. Be3 e6 9. O-O Nge7 10. d4 cxd4 11. Nxd4 O-O 12. Qd2 Rfd8 13. Rad1 Rac8
14. Qf2 a6 15. a3 b5 16. Nce2 Qb7 17. Ng3 a5 18. f5 e5 19. f6 exd4 20. fxg7
Qb8 21. Qxf7# 1-0

[Event "European School Girls U9 Championship 2024"]
[Site "Limerick IRL"]
[Date "2024.06.02"]
[Round "3.5"]
[White "Budumlu, Masal"]
[Black "Keser, Irmak"]
[Result "0-1"]
[WhiteElo "1419"]
[BlackElo "1636"]
[WhiteNationality "TUR"]
[BlackNationality "TUR"]
[WhiteFideId "51678462"]
[BlackFideId "51642840"]
[PlyCount "94"]
[ECO "B40"]
[Opening "Sicilian"]
[Variation "Anderssen variation"]
[FIDETournamentId "372868"]
[ChessResultsKey "950043"]
[Venue "Main Building, University of Limerick"]
[EventDate "2024.05.31"]
[EventRounds "9"]
[TimeControl "5400+30"]

{ Event information: <a
href="https://www.irlchess.com/europeanschool2024g9_allfiles/pairings_europeanschool2024g9.html">Tournament
report</a>. }

1. e4 c5 2. Nf3 e6 3. d4 cxd4 4. Nxd4 Nf6 5. Nc3 Nc6 6. Ndb5 Bb4 7. a3
Bxc3+ 8. Nxc3 d5 9. exd5 exd5 10. Bd3 O-O 11. O-O d4 12. Ne2 Bg4 13. f3 Bh5
14. Nf4 Bg6 15. Nxg6 hxg6 16. f4 Re8 17. f5 gxf5 18. Bxf5 Qb6 19. Kh1 Rad8
20. Rb1 Ne5 21. Bg5 Rd6 22. Bxf6 Rxf6 23. Bd3 Rh6 24. Re1 Qd6 25. h3 Re7
26. Bf1 Rh4 27. c3 Ng4 28. Qxg4 Rxg4 29. hxg4 Rxe1 30. Rxe1 dxc3 31. bxc3
Qxa3 32. Re8+ Kh7 33. Bd3+ g6 34. Rc8 Qd6 35. Bc4 Qd7 36. Rf8 Qd1+ 37. Kh2
Qd6+ 38. g3 Qxf8 39. g5 a5 40. Kg2 a4 41. Kf2 Qc5+ 42. Ke2 Qxc4+ 43. Kd2 a3
44. Kc2 b5 45. g4 b4 46. Kb1 Qxc3 47. Ka2 Qb2# 0-1

[Event "European School Girls U9 Championship 2024"]
[Site "Limerick IRL"]
[Date "2024.06.03"]
[Round "4.2"]
[White "Grigore, Melania-Cristina"]
[Black "Budumlu, Masal"]
[Result "1/2-1/2"]
[WhiteElo "1438"]
[BlackElo "1419"]
[WhiteNationality "ROU"]
[BlackNationality "TUR"]
[WhiteFideId "42208432"]
[BlackFideId "51678462"]
[PlyCount "129"]
[ECO "B46"]
[Opening "Sicilian"]
[Variation "Taimanov variation"]
[FIDETournamentId "372868"]
[ChessResultsKey "950043"]
[Venue "Main Building, University of Limerick"]
[EventDate "2024.05.31"]
[EventRounds "9"]
[TimeControl "5400+30"]

{ Event information: <a
href="https://www.irlchess.com/europeanschool2024g9_allfiles/pairings_europeanschool2024g9.html">Tournament
report</a>. }

1. e4 c5 2. Nf3 e6 3. d4 cxd4 4. Nxd4 a6 5. Nc3 Nc6 6. Be3 Be7 7. f3 Qc7 8.
Qd2 Nf6 9. O-O-O Nxd4 10. Bxd4 b5 11. g4 h6 12. h4 Bc5 13. Bxc5 Qxc5 14.
Bg2 a5 15. g5 Ng8 16. e5 f5 17. f4 Ra7 18. Qe2 Ba6 19. Qh5+ Kf8 20. Rd6
Qe3+ 21. Kb1 Qxf4 22. Rhd1 Ne7 23. Rxd7 g6 24. Qf3 Qxf3 25. Bxf3 Rxd7 26.
Rxd7 b4 27. Na4 hxg5 28. hxg5 Rh3 29. Ba8 Rg3 30. b3 f4 31. Nc5 Rg1+ 32.
Kb2 Ke8 33. Rd4 Nd5 34. Bxd5 exd5 35. Rxf4 Bb5 36. Ne6 Ke7 37. Rf6 Bd7 38.
Nf4 Rxg5 39. Nxg6+ Kd8 40. e6 Be8 41. Nf4 Ke7 42. Rh6 Rf5 43. Ng6+ Bxg6 44.
Rxg6 Rf6 45. Rg7+ Kxe6 46. Ra7 Rf5 47. Rxa5 d4 48. Ra4 Rb5 49. a3 bxa3+ 50.
Kxa3 Kd5 51. Rc4 Rb6 52. Rb4 Rc6 53. Rb5+ Ke4 54. Rb4 Rxc2 55. Rc4 Rxc4 56.
bxc4 d3 57. Kb2 Kd4 58. Kc1 Kc5 59. Kd2 Kxc4 60. Kd1 Kd4 61. Kd2 Ke4 62.
Kd1 Ke3 63. Ke1 d2+ 64. Kd1 Kf2 65. Kxd2 1/2-1/2

[Event "European School Girls U9 Championship 2024"]
[Site "Limerick IRL"]
[Date "2024.06.03"]
[Round "4.3"]
[White "Taradajko, Helena"]
[Black "Tolan, Eslem"]
[Result "0-1"]
[WhiteElo "1622"]
[BlackElo "1566"]
[WhiteNationality "POL"]
[BlackNationality "TUR"]
[WhiteFideId "41848276"]
[BlackFideId "51681188"]
[PlyCount "106"]
[ECO "D31"]
[Opening "QGD"]
[Variation "Charousek (Petrosian) variation"]
[FIDETournamentId "372868"]
[ChessResultsKey "950043"]
[Venue "Main Building, University of Limerick"]
[EventDate "2024.05.31"]
[EventRounds "9"]
[TimeControl "5400+30"]

{ Event information: <a
href="https://www.irlchess.com/europeanschool2024g9_allfiles/pairings_europeanschool2024g9.html">Tournament
report</a>. }

1. d4 d5 2. c4 e6 3. Nc3 Be7 4. Nf3 Nf6 5. Bg5 Nbd7 6. e3 h6 7. Bh4 O-O 8.
Rc1 c6 9. cxd5 Nxd5 10. Bxe7 Nxe7 11. Bd3 b6 12. O-O Bb7 13. Ne4 Nf5 14. b4
a5 15. a3 Qe7 16. Qb3 Rfc8 17. Nfd2 Nd6 18. Nxd6 Qxd6 19. Ne4 Qe7 20. Nd2
axb4 21. axb4 Qg5 22. Be4 Qb5 23. Qc4 Qxc4 24. Rxc4 Nf6 25. Bf3 Nd5 26.
Rfc1 Ra4 27. Rb1 b5 28. Rc5 Rxb4 29. Rbc1 Ra4 30. Ne4 Rc7 31. Nd6 b4 32. g3
b3 33. Bd1 Rb4 34. Rb1 b2 35. Rc2 Ba6 36. Rcxb2 Rxb2 37. Rxb2 Kf8 38. Bf3
Ke7 39. Ne4 Bb5 40. Nc5 Ra7 41. Rb1 f6 42. Rc1 Ra2 43. e4 Nb6 44. e5 f5 45.
Nb7 Kd7 46. Nd6 Ba4 47. Rb1 Nd5 48. Rb7+ Nc7 49. Ra7 Bb3 50. Rb7 Bd5 51.
Bh5 Ra1+ 52. Rb1 Rxb1+ 53. Bd1 Rxd1# 0-1

[Event "European School Girls U9 Championship 2024"]
[Site "Limerick IRL"]
[Date "2024.06.03"]
[Round "4.4"]
[White "Pavlova, Maria"]
[Black "Gutserieva, Bierta"]
[Result "0-1"]
[WhiteElo "1467"]
[BlackElo "1429"]
[WhiteNationality "BUL"]
[BlackNationality "UKR"]
[WhiteFideId "2950960"]
[BlackFideId "34174818"]
[PlyCount "82"]
[ECO "B40"]
[Opening "Sicilian defence"]
[FIDETournamentId "372868"]
[ChessResultsKey "950043"]
[Venue "Main Building, University of Limerick"]
[EventDate "2024.05.31"]
[EventRounds "9"]
[TimeControl "5400+30"]

{ Event information: <a
href="https://www.irlchess.com/europeanschool2024g9_allfiles/pairings_europeanschool2024g9.html">Tournament
report</a>. }

1. e4 c5 2. Nf3 e6 3. c3 Nf6 4. e5 Nd5 5. d4 Nc6 6. Bd3 Qb6 7. Nbd2 cxd4 8.
Nc4 Qc5 9. b4 Qe7 10. Nd6+ Kd8 11. Ng5 Nxe5 12. Nde4 Nxc3 13. Nxc3 dxc3 14.
Qa4 Nxd3+ 15. Ke2 Nxc1+ 16. Raxc1 Qxg5 17. Rhd1 Qg4+ 18. Kf1 Qxb4 19. Rd4
Qxa4 20. Rxa4 b5 21. Rd4 b4 22. Rf4 f6 23. Ke2 Ba6+ 24. Ke3 g6 25. Rxf6
Bh6+ 26. f4 Ke7 27. g4 Bg7 28. g5 Bxf6 29. gxf6+ Kxf6 30. Kd4 Rhc8 31. h3
Rc4+ 32. Ke3 Rb8 33. Rc2 b3 34. axb3 Rxb3 35. Ke2 Rb2 36. Kd1 Bb5 37. Kc1
Rxc2+ 38. Kxc2 Ba4+ 39. Kc1 Rd4 40. Kb1 Bb3 41. Ka1 Rd1# 0-1

[Event "European School Girls U9 Championship 2024"]
[Site "Limerick IRL"]
[Date "2024.06.03"]
[Round "5.3"]
[White "Tolan, Eslem"]
[Black "Pavlova, Maria"]
[Result "1-0"]
[WhiteElo "1566"]
[BlackElo "1467"]
[WhiteNationality "TUR"]
[BlackNationality "BUL"]
[WhiteFideId "51681188"]
[BlackFideId "2950960"]
[PlyCount "121"]
[ECO "B23"]
[Opening "Sicilian"]
[Variation "Grand Prix attack"]
[FIDETournamentId "372868"]
[ChessResultsKey "950043"]
[Venue "Main Building, University of Limerick"]
[EventDate "2024.05.31"]
[EventRounds "9"]
[TimeControl "5400+30"]

{ Event information: <a
href="https://www.irlchess.com/europeanschool2024g9_allfiles/pairings_europeanschool2024g9.html">Tournament
report</a>. }

1. e4 c5 2. Nc3 Nc6 3. f4 g6 4. Nf3 Bg7 5. Bb5 Nd4 6. O-O a6 7. Bd3 e6 8.
e5 Ne7 9. Nxd4 cxd4 10. Ne4 O-O 11. Nd6 b5 12. Be4 Rb8 13. d3 a5 14. Bd2
Ba6 15. Qe1 Nc8 16. Bxa5 Qe7 17. Bb4 Qd8 18. Nxc8 Rxc8 19. Bxf8 Bxf8 20.
Qf2 d5 21. exd6 Bxd6 22. Qd2 f5 23. Bf3 Qc7 24. Qe2 Bxf4 25. Qxe6+ Kh8 26.
Qf6+ Qg7 27. Qxa6 Re8 28. Rae1 Rf8 29. Qxb5 Qf7 30. Qd5 Qxd5 31. Bxd5 Be3+
32. Kh1 h5 33. c3 Kh7 34. cxd4 Bxd4 35. b4 Rb8 36. Rb1 Rb6 37. a4 Ra6 38.
b5 Rxa4 39. b6 Be5 40. b7 Rd4 41. Bc4 Bb8 42. Rfe1 Rd8 43. Rec1 Bf4 44. Rc2
Kh6 45. Ba6 Rd7 46. b8=Q Bxb8 47. Rxb8 Ra7 48. Rb6 Re7 49. Kg1 Kg5 50. Kf2
h4 51. d4 Kh5 52. d5 g5 53. d6 Rd7 54. Rc7 Rd8 55. d7 g4 56. Rd6 Kg5 57.
Rc8 Rxc8 58. dxc8=Q g3+ 59. hxg3 hxg3+ 60. Kf3 f4 61. Qg4# 1-0